 Dungeon Crawl Stone Soup version 0.28.0-53-g5a82cb258f (webtiles) character file.

Game seed: 1097552845577056784

224 Qrupt the Skirmisher (level 6, 0/51 HPs)
             Began as a Human Cinder Acolyte on Aug 20, 2022.
             Was a High Priest of Ignis.
             Slain by a gnoll
             ... wielding a +0 club
              (3 damage)
             ... on level 2 of the Dungeon.
             The game lasted 00:04:05 (2987 turns).

Qrupt the Skirmisher (Human Cinder Acolyte)         Turns: 2987, Time: 00:04:06

Health: 0/51       AC:  3    Str: 14    XL:     6   Next: 20%
Magic:  7/7        EV: 11    Int: 15    God:    Ignis [*****.]
Gold:   136        SH:  0    Dex: 10    Spells: 7/7 levels left

rFire   + . .      SeeInvis .   a - -1 falchion (flame)
rCold   . . .      Faith    .   (no shield)
rNeg    . . .      Spirit   .   b - +0 robe
rPois   .          Reflect  .   (no helmet)
rElec   .          Harm     .   h - +0 cloak
rCorr   .          Rampage  .   (no gloves)
Will    .....                   (no boots)
Stlth   +.........              (no amulet)
HPRegen 0.17/turn               (no ring)
MPRegen 0.10/turn               (no ring)

@: invisible
A: no striking features
a: Renounce Religion, Fiery Armour, Foxfire Swarm, Rising Flame


You were on level 2 of the Dungeon.
You worshipped Ignis.
Ignis was extremely pleased with you.
You visited 1 branch of the dungeon, and saw 3 of its levels.

You collected 136 gold pieces.

Inventory:

Hand Weapons
 a - a -1 falchion of flaming (weapon)
Armour
 b - a +0 robe (worn)
 h - a +0 cloak (worn)
Jewellery
 e - an amulet of magic regeneration
Scrolls
 f - a scroll of identify
 i - a scroll of immolation {unknown}
Potions
 d - a potion of invisibility
 g - a potion of brilliance {unknown}


   Skills:
 + Level 5.0 Fighting
 + Level 5.0 Long Blades
 - Level 1.0 Spellcasting
 - Level 3.0 Fire Magic


You had 7 spell levels left.
You didn't know any spells.
Your spell library contained the following spells:

 Spells                   Type           Power      Damage    Failure   Level
 Scorch                   Fire           18%        2d6       11%         2
 Leda's Liquefaction      Hex/Erth       0%         N/A       94%         4
 Shatter                  Erth           0%         3d5*      100%        9


Dungeon Overview and Level Annotations

Branches:
Dungeon (3/15)

Altars:


Message History

The gnoll hits you with a +0 flail!
You fade into invisibility!
You barely miss the gnoll. The gnoll misses you.
You slash the gnoll! You burn the gnoll.
You kill the gnoll!
Your Long Blades skill increases to level 5!
You strike the helpless rat from behind!
You hit the rat. You burn the rat.
You kill the rat!
Things that are here:
a +0 flail; a gnoll corpse
There is a stone staircase leading down here.
You climb downwards.
You hear the sound of rushing water.
There is an entrance to a sewer on this level.
Hurry and find it before the portal rusts away!
The ball python misses you.
There is a stone staircase leading up here.
You closely miss the ball python. The ball python closely misses you.
You barely miss the ball python. The ball python barely misses you.
You catch the helpless ball python completely off-guard!
You hit the ball python. You burn the ball python.
The ball python is severely wounded.
The ball python barely misses you. x2
You hit the ball python. You burn the ball python.
You kill the ball python!
You barely miss the gnoll.
The gnoll is moderately wounded.
The gnoll closely misses you.
You strike the helpless gnoll from behind!
You hit the gnoll. You burn the gnoll.
The gnoll is severely wounded.
The gnoll hits you from afar with a +0 halberd.
The gnoll hits you with a +0 club.
The gnoll hits you from afar with a +0 halberd!
* * * LOW HITPOINT WARNING * * *
The gnoll misses you.
You climb upwards.
There is a stone staircase leading down here.
The gnoll hits you with a +0 club.
You die...

###########.### #...# ##
#...## #...# .## ###..##
#...# ..### ######..#
#...# #...# #.......###
#...# ###.#
#...<...g.###...## #.#
##..".....>.......#
#.####.........g.......#
#......###.###@........#
##.########.............#
##...........###.........#
........####.#
#.).......## .....##.##
#.# #..........#
.....##..# #.#
#..........#
.....###.###.#
##########)# .....#
#..##.### #.## .....#
##.(....## #..#


You could see 2 gnolls.

Vanquished Creatures
  A hound (D:2)
  Natasha (thrice) (D:2)
  Terence (D:2)
  A gnoll (D:2)
  An adder (D:2)
  2 worms (D:2)
  5 dart slugs
  6 ball pythons
  3 bats
  5 endoplasms
  3 hobgoblins
  3 jackals (D:2)
  2 quokkas
  4 frilled lizards
  5 goblins
  8 kobolds
  8 rats
61 creatures vanquished.

Notes
Turn   | Place    | Note
-------+----------+-------------------------------------------
     0 | D:1      | Qrupt the Human Cinder Acolyte began the quest for the Orb.
     0 | D:1      | Reached XP level 1. HP: 18/18 MP: 2/2
   165 | D:1      | Reached XP level 2. HP: 19/24 MP: 3/3
   383 | D:1      | Got Dispater's Compendium of Earth
   489 | D:1      | Found a faded altar of an unknown god.
   808 | D:1      | Reached XP level 3. HP: 29/29 MP: 4/4
  1740 | D:2      | Reached XP level 4. HP: 35/37 MP: 5/5
  1925 | D:2      | Noticed Natasha
  1937 | D:2      | Killed Natasha
  1986 | D:2      | Noticed Natasha
  1997 | D:2      | Killed Natasha
  1998 | D:2      | Reached XP level 5. HP: 17/43 MP: 6/6
  2247 | D:2      | Noticed Natasha
  2254 | D:2      | Killed Natasha
  2597 | D:2      | Noticed Terence
  2636 | D:2      | Killed Terence
  2637 | D:2      | Reached XP level 6. HP: 26/50 MP: 7/7
  2918 | D:2      | Reached skill level 5 in Fighting
  2966 | D:2      | Reached skill level 5 in Long Blades
  2987 | D:2      | Slain by a gnoll

Illustrated notes

Levels and vault maps discovered:
D:1:      dpeg_arrival_three_bigger_balls, layout_basic,
          shapermc_ecumenical_altar_ellora, minmay_pentomino_q2
D:2:      layout_rooms, st_stairs_1, uniq_terence, uniq_natasha
D:3:      layout_rooms, portal_sewer_entry_b, uniq_jessica

Skill      XL: |  1  2  3  4  5  6 |
---------------+-------------------+-----
Fighting       | 4 5 |  5.0
Long Blades    | 4 5 |  5.0
Spellcasting   | |  1.0
Fire Magic     | |  3.0

Action                   |  1- 3 |  4- 6 || total
-------------------------+-------+-------++-------
Melee: Falchion          |   110 |   107 ||   217
       Punch             |     1 |     3 ||     4
Invok: Fiery Armour      |       |     1 ||     1
  Use: Scroll            |       |     2 ||     2
       Potion            |       |     1 ||     1
 Stab: Distracted        |       |     1 ||     1
       Invisible         |       |     3 ||     3
Armor: Robe              |    22 |    22 ||    44
Dodge: Dodged            |    72 |    63 ||   135
